 Dungeon Crawl Stone Soup version 0.21.0 (webtiles) character file.

6110 HungrySpirit the Jinx (level 10, 0/56 HPs)
             Began as a Deep Elf Artificer on Jan 7, 2018.
             Was an Elder of Vehumet.
             Impaled on a porcupine's spines (12 damage)
             ... on level 9 of the Dungeon.
             The game lasted 00:36:24 (14261 turns).

HungrySpirit the Jinx (Deep Elf Artificer)         Turns: 14261, Time: 00:36:25

Health: 0/56       AC:  8    Str: 12    XL:     10   Next: 58%
Magic:  21/24      EV: 21    Int: 20    God:    Vehumet [****..]
Gold:   316        SH:  0    Dex: 18    Spells: 20/26 levels left

rFire    . . .     SeeInvis .   u - +9 dagger of the Several Ghosts {drain, +Fly rElec Str-4 Dex+3}
rCold    + . .     Gourm    .   (no shield)
rNeg     . . .     Faith    .   i - +0 robe of the Invisible Planets {rPois Str+4 Slay+2}
rPois    +         Spirit   .   F - +0 helmet (curse)
rElec    +         Reflect  .   l - +1 cloak
rCorr    .         Harm     .   d - +2 pair of gloves {Str+3}
MR       +....                  (no boots)
Stlth    ++........             (no amulet)
HPRegen  0.18/turn              k - ring of protection from cold
MPRegen  0.19/turn              v - +3 ring of evasion

@: no status effects
A: no striking features
a: Renounce Religion, Evoke Flight


You were on level 9 of the Dungeon.
You worshipped Vehumet.
Vehumet was greatly pleased with you.
You were not hungry.

You visited 2 branches of the dungeon, and saw 11 of its levels.
You also visited: Bailey.

You collected 547 gold pieces.
You spent 231 gold pieces at shops.

Inventory:

Hand Weapons
 m - a +1 dagger of electrocution
 q - a +1 dagger of holy wrath
 u - the +9 dagger of the Several Ghosts (weapon) {drain, +Fly rElec Str-4 Dex+3}
   (You found it in a bailey)

   A truly terrible weapon, it drains the life of those it strikes.
   It affects your strength (-4).
   It affects your dexterity (+3).
   It insulates you from electricity.
   It lets you fly.
Armour
 b - a +0 leather armour
 d - a +2 pair of gloves of strength (worn)
 i - the +0 robe of the Invisible Planets (worn) {rPois Str+4 Slay+2}
   (You found it on level 4 of the Dungeon)

   It affects your strength (+4).
   It affects your accuracy and damage with ranged weapons and melee attacks
   (+2).
   It protects you from poison.
 l - a +1 cloak (worn)
 F - a cursed +0 helmet (worn)
Jewellery
 c - an uncursed ring of protection from fire
 k - a ring of protection from cold (left hand)
 v - a +3 ring of evasion (right hand)
Wands
 g - a wand of acid (1)
 r - a wand of flame (29)
 D - a wand of polymorph (19)
Scrolls
 a - 4 scrolls of teleportation
 h - 9 scrolls of identify
 j - a scroll of noise
 o - 5 scrolls of amnesia
 p - 3 scrolls of enchant armour
 y - a scroll of magic mapping {unknown}
 A - a scroll of fog {unknown}
 B - a scroll of remove curse
 C - a scroll of immolation {unknown}
Potions
 e - 5 potions of curing
 n - 2 potions of flight
 t - a potion of magic
 w - a potion of haste
 x - 2 potions of resistance {unknown}
 z - 2 potions of mutation {unknown}
 E - a potion of agility {unknown}
Books
 s - a book of Misfortune

   Spells                             Type                      Level
   a - Confusing Touch                Hexes                        1
   b - Confuse                        Hexes                        3
   c - Gell's Gravitas                Translocation                3
   d - Petrify                        Transmutation/Earth          4
   e - Metabolic Englaciation         Hexes/Ice                    5
   f - Yara's Violent Unravelling     Hexes/Transmutation          5
Comestibles
 f - 16 rations
 G - 3 chunks of flesh


   Skills:
 + Level 3.3 Fighting
 * Level 9.5 Short Blades
 + Level 7.4 Dodging
 - Level 1.2 Stealth
 + Level 8.5 Spellcasting
 * Level 2.8 Conjurations
 - Level 10.4 Hexes
 - Level 3.2 Evocations


You had 20 spell levels left.
You knew the following spells:

 Your Spells              Type           Power        Failure   Level  Hunger
a - Conjure Flame         Conj/Fire      ##......     4%          3    None
b - Confuse               Hex            ######..     1%          3    None


Dungeon Overview and Level Annotations

Branches:
Dungeon (10/15)            Temple (1/1) D:4
   Lair: D:8-11         Orc: D:9-12

Altars:
Ashenzari
Cheibriados
Dithmenos
Elyvilon
Fedhas
Gozag
Hepliaklqana
Kikubaaqudgha
Makhleb
Nemelex Xobeh
Okawaru
Qazlal
Ru
Trog
Uskayaw
Vehumet
Wu Jian
Yredelemnul
Zin
The Shining One

Shops:
D:4 (   D:7 =


Message History

The porcupine bites you.
There is an open door here.
The porcupine twitches its whiskers.
The porcupine completely misses you.
There is a stone staircase leading up here.
The porcupine barely misses you. The porcupine misses you.
You climb upwards.
There is a stone staircase leading down here.
Casting: Confuse
Confirm with . or Enter, or press ? or * to list all spells.
Aiming: Confuse
Press: ? - help, Shift-Dir - straight line, f - porcupine
Aim: a porcupine (chance to defeat MR: 72%)
The porcupine appears confused.
You are struck by the porcupine's spines.
* * * LOW HITPOINT WARNING * * *
You puncture the porcupine!
The porcupine is heavily wounded.
You are struck by the porcupine's spines.
You die...

.....#####.......#
##..#
........(........#
##.#
...###..###'######
#.# _#####..# #....##
#.# ...###..# ####..#
#.# .......## ##.#
#.# #.######
#####.##### #.#
......#####.........#
#.#
.....<....#....r@...#
#.#
......###...........#
#.# ......#
###....)....# #.#
......# #.........#
#.# ......#
#.........# #.#
......# #.........#
#.## #.#####
####.###### #).#
#....# #....# ##.#
####.## #.#### #.#


You could see a porcupine (confused).

Vanquished Creatures
  A two-headed ogre (D:8)
  2 kobold demonologists (Bailey)
  A wyvern (D:8)
  Eustachio (D:4)
  Grum (D:9)
  A water moccasin (D:9)
  9 orc warriors (Bailey)
  2 sky beasts
  2 ice beasts
  4 wolves (D:9)
  2 centaurs
  A phantom (D:8)
  7 ogres
  A big kobold (D:9)
  Blork the orc (D:6)
  A bullfrog (D:7)
  A wyvern zombie (D:7)
  A scorpion (D:9)
  A water moccasin skeleton (D:4)
  4 killer bees (D:8)
  5 wights
  3 howler monkeys
  4 electric eels (Bailey)
  3 crimson imps
  4 orc priests
  3 hounds
  2 centaur skeletons
  An iguana (D:9)
  5 orc wizards
  5 worker ants
  A killer bee zombie (D:9)
  A hound zombie (D:7)
  A hound skeleton (D:2)
  A worker ant zombie (D:7)
  8 gnolls
  10 adders
  2 shadow imps
  3 worms (D:2)
  A dart slug (D:3)
  3 leopard geckos
  32 orcs
  2 ball pythons
  8 bats
  4 giant cockroaches
  19 goblins
  14 hobgoblins
  8 jackals
  4 quokkas
  5 frilled lizards
  A jackal skeleton (D:7)
  9 kobolds
  13 rats
229 creatures vanquished.

Vanquished Creatures (collateral kills)
  A crimson imp (D:5)
  5 orcs
  A goblin (Bailey)
  A hobgoblin (Bailey)
8 creatures vanquished.

Vanquished Creatures (others)
  An orc priest (D:4)
  5 fungi (D:10)
6 creatures vanquished.

Grand Total: 243 creatures vanquished

Notes
Turn   | Place    | Note
-------+----------+-------------------------------------------
     0 | D:1      | HungrySpirit the Deep Elf Artificer began the quest for the Orb.
     0 | D:1      | Reached XP level 1. HP: 11/11 MP: 5/5
   379 | D:1      | Reached skill level 1 in Fighting
   502 | D:1      | Reached XP level 2. HP: 16/16 MP: 6/6
   762 | D:1      | Reached skill level 1 in Spellcasting
  1351 | D:2      | Reached XP level 3. HP: 9/20 MP: 7/7
  1742 | D:2      | Reached XP level 4. HP: 18/25 MP: 7/9
  2209 | D:2      | Found a faded altar of an unknown god.
  2482 | D:3      | Found an ornate altar of the Wu Jian Council.
  2500 | D:3      | Learned a level 1 spell: Confusing Touch
  2504 | D:3      | Learned a level 3 spell: Confuse
  2640 | D:3      | Found a hide-covered altar of Uskayaw.
  2640 | D:3      | Found a sparkling altar of Nemelex Xobeh.
  2723 | D:3      | Found a bloodstained altar of Trog.
  3449 | D:2      | Reached skill level 1 in Hexes
  3449 | D:2      | Reached XP level 5. HP: 13/30 MP: 10/10
  4161 | D:4      | Noticed Eustachio
  4394 | D:3      | Reached skill level 2 in Hexes
  5434 | D:4      | Noticed an ogre
  5478 | D:3      | Killed an ogre
  5478 | D:3      | Reached XP level 6. HP: 21/35 MP: 12/12
  5644 | D:4      | Got a crude robe
  5655 | D:4      | Identified the cursed +0 robe of the Invisible Planets {rPois Str+4 Slay+2} (You found it on level 4 of the Dungeon)
  5666 | D:4      | Found a staircase to the Ecumenical Temple.
  5682 | D:4      | Reached skill level 3 in Hexes
  5690 | Temple   | Entered the Ecumenical Temple
  5902 | Temple   | Became a worshipper of Vehumet
  5979 | D:3      | Reached skill level 4 in Hexes
  6568 | D:4      | Reached XP level 7. HP: 26/40 MP: 14/14
  6679 | D:4      | Found a glowing silver altar of Zin.
  6748 | D:4      | Killed Eustachio
  6748 | D:4      | Reached skill level 5 in Hexes
  6785 | D:4      | Found Latax's Antique Weapon Shoppe.
  6853 | D:4      | Reached skill level 5 in Short Blades
  7072 | D:5      | Entered Level 5 of the Dungeon
  7626 | D:6      | Reached * piety under Vehumet
  7626 | D:6      | Offered knowledge of Freeze by Vehumet.
  7718 | D:6      | Reached skill level 6 in Hexes
  7919 | D:6      | Noticed Blork the orc
  7925 | D:6      | Killed Blork the orc
  7925 | D:6      | Reached skill level 5 in Spellcasting
  7925 | D:6      | Reached XP level 8. HP: 39/44 MP: 17/17
  8952 | D:6      | Reached skill level 7 in Hexes
  9375 | D:7      | Found a glowing golden altar of the Shining One.
  9529 | D:7      | Found Vagu's Jewellery Emporium.
  9548 | D:7      | Bought a +3 ring of evasion for 231 gold pieces
  9747 | D:7      | Reached skill level 8 in Hexes
  9750 | D:7      | Reached skill level 5 in Dodging
  9828 | D:8      | Noticed a two-headed ogre
  9892 | D:8      | Found a flagged portal.
  9920 | Bailey   | Entered a bailey
  9953 | Bailey   | Reached ** piety under Vehumet
  9953 | Bailey   | Offered knowledge of Magic Dart by Vehumet.
 10157 | Bailey   | Found an iron altar of Okawaru.
 10157 | Bailey   | Noticed a kobold demonologist
 10158 | Bailey   | Noticed a kobold demonologist
 10179 | Bailey   | Killed a kobold demonologist
 10179 | Bailey   | Reached XP level 9. HP: 48/48 MP: 13/20
 10268 | Bailey   | Killed a kobold demonologist
 10268 | Bailey   | Reached skill level 9 in Hexes
 10391 | Bailey   | Got an encrusted dagger
 10392 | Bailey   | Identified the +9 dagger of the Several Ghosts {drain, +Fly rElec Str-4 Dex+3} (You found it in a bailey)
 11001 | Bailey   | Offered knowledge of Stone Arrow by Vehumet.
 11366 | Bailey   | Reached skill level 10 in Hexes
 11794 | D:8      | Reached *** piety under Vehumet
 11993 | D:8      | Reached XP level 10. HP: 54/54 MP: 23/23
 12284 | D:8      | Killed a two-headed ogre
 12624 | D:8      | Offered knowledge of Conjure Flame by Vehumet.
 12629 | D:8      | Learned a level 3 spell: Conjure Flame
 12738 | D:9      | Noticed Grum
 12960 | D:9      | Found a shattered altar of Ashenzari.
 12990 | D:9      | Reached skill level 1 in Conjurations
 13506 | D:9      | Killed Grum
 13783 | D:9      | Reached **** piety under Vehumet
 13838 | D:9      | Offered knowledge of Irradiate by Vehumet.
 14128 | D:10     | Entered Level 10 of the Dungeon
 14261 | D:9      | Impaled on a porcupine's spines

Skill      XL: |  1  2  3  4  5  6  7  8  9 10 |
---------------+-------------------------------+-----
Fighting       | 1 2 3 |  3.3
Spellcasting   | 1 2 3 5 6 7 8 |  8.5
Short Blades   | 2 3 4 5 7 8 9 |  9.5
Dodging        | 3 5 6 7 |  7.4
Hexes          | 1 2 4 6 8 10 | 10.4
Conjurations   | 2 |  2.8
Stealth        | |  1.2
Evocations     | |  3.2

Action                   |  1- 3 |  4- 6 |  7- 9 | 10-12 || total
-------------------------+-------+-------+-------+-------++-------
Melee: Short sword       |   108 |    66 |       |       ||   174
       Dagger            |       |   239 |   401 |   144 ||   784
 Cast: Confusing Touch   |       |     4 |       |       ||     4
       Confuse           |       |     5 |    45 |    23 ||    73
Evoke: Wand              |    19 |    29 |    11 |       ||    59
  Use: Potion            |       |     5 |     2 |       ||     7
       Scroll            |       |     7 |     7 |     1 ||    15
 Stab: Sleeping          |     1 |     1 |     5 |     3 ||    10
       Paralysed         |     1 |       |       |       ||     1
       Distracted        |       |     2 |       |       ||     2
       Confused          |       |     1 |    16 |    10 ||    27
  Eat: Chunk             |     3 |    12 |    19 |     3 ||    37
       Ration            |       |     1 |       |     1 ||     2
Armor: Leather armour    |    27 |    57 |       |       ||    84
       Skin              |       |     6 |       |       ||     6
       Robe              |       |    11 |    31 |     6 ||    48
Dodge: Dodged            |    58 |   189 |   204 |    74 ||   525
